 Dungeon Crawl Stone Soup version 0.28-a0-909-g796cbd3a86 (webtiles) character file.

Game seed: 10314685588998128760

172 Peloso the Skirmisher (level 5, -5/48 HPs)
             Began as a Minotaur Fighter on Nov 25, 2021.
             Slain by Pikel (10 damage)
             ... while paralysed by Pikel
             ... on level 4 of the Dungeon.
             The game lasted 00:06:03 (2864 turns).

Peloso the Skirmisher (Minotaur Fighter)            Turns: 2864, Time: 00:06:03

Health: -5/48      AC:  9    Str: 20    XL:     5   Next: 27%
Magic:  4/4        EV:  2    Int:  5    God:
Gold:   32         SH:  0    Dex: 11    Spells: 4/4 levels left

rFire   . . .      SeeInvis .   a - +1 falchion (freeze)
rCold   . . .      Faith    .   c - +0 kite shield
rNeg    . . .      Spirit   .   b - +0 chain mail
rPois   .          Reflect  .   (helmet restricted)
rElec   .          Harm     .   (no cloak)
rCorr   .          Rampage  .   (no gloves)
Will    .....                   (no boots)
Stlth   ..........              (no amulet)
HPRegen 0.16/turn               (no ring)
MPRegen 0.09/turn               (no ring)

@: paralysed
A: horns 2, retaliatory headbutt
a: no special abilities


You were on level 4 of the Dungeon.
You visited 1 branch of the dungeon, and saw 4 of its levels.

You collected 134 gold pieces.
You spent 102 gold pieces at shops.

Inventory:

Hand Weapons
 a - a +1 falchion of freezing (weapon)
Armour
 b - a +0 chain mail (worn)
 c - a +0 kite shield (worn)
Jewellery
 k - a ring of wizardry
 n - a ring of ice
Scrolls
 e - 3 scrolls of identify
 i - 2 scrolls of acquirement {unknown}
 j - 2 scrolls of amnesia {unknown}
 l - 2 scrolls of teleportation
 m - a scroll of enchant weapon {unknown}
 o - a scroll of magic mapping
Potions
 d - a potion of might
 f - 3 potions of curing {unknown}
 g - a potion of heal wounds {unknown}
 h - a potion of resistance {unknown}


   Skills:
 + Level 5.0 Fighting
 + Level 3.8 Long Blades
 + Level 4.8 Armour
 + Level 0.5 Dodging
 + Level 4.4 Shields


You had 4 spell levels left.
You didn't know any spells.
Your spell library contained the following spells:

 Spells                   Type           Power      Damage    Failure   Level
 Sting                    Tmut/Pois      0%         1d3       100%        1
 Poisonous Vapours        Pois/Air       0%         N/A       100%        2
 Ignite Poison            Fire/Tmut/Pois 0%         N/A       100%        3
 Mephitic Cloud           Conj/Pois/Air  0%         N/A       100%        3
 Olgreb's Toxic Radiance  Pois           0%         N/A       100%        4
 Freezing Cloud           Conj/Ice/Air   0%         6-21      100%        5


Dungeon Overview and Level Annotations

Branches:
Dungeon (4/15)
 Temple: D:4-7

Altars:
Cheibriados
Gozag
Okawaru
Vehumet
Yredelemnul

Shops:
D:1 !:?   D:4 *?

Annotations:
D:4 Pikel


Innate Abilities, Weirdness & Mutations

You have a pair of horns on your head.
You reflexively headbutt those who attack you in melee.


Message History

You block the lemure's attack.
You hit the lemure. You freeze the lemure.
The lemure is almost dead.
You block the lemure's attack. The lemure hits you but does no damage.
You closely miss the lemure.
The lemure is almost dead.
The lemure hits you.
* * * LOW HITPOINT WARNING * * *
You hit the lemure but do no damage.
The lemure is almost dead.
You block the lemure's attack.
You hit the lemure. You freeze the lemure.
You kill the lemure!
That felt strangely unrewarding.
Things that are here:
a +0 dagger; a goblin corpse You start resting.
Pikel is nearby!
Pikel shouts!
Pikel says, "Don't tell anyone, but I think Ereshkigal likes me."
Sorry, you're not good enough to have a special ability.
Unknown command.
Okay, then.
Pikel says, "All the lords of Hell know my name!"
You hit Pikel but do no damage. Your headbutt misses Pikel.
Pikel zaps a wand.
You resist with some effort.
You closely miss Pikel. You block Pikel's attack. x2
You hit Pikel but do no damage.
Pikel hits you with a +2 whip of electrocution!
You closely miss Pikel.
Pikel hits you with a +2 whip of electrocution.
You are electrocuted!
* * * LOW HITPOINT WARNING * * *
You barely miss Pikel. You headbutt Pikel.
Pikel is lightly wounded.
Pikel hits you with a +2 whip of electrocution.
* * * LOW HITPOINT WARNING * * *
Pikel zaps a wand.
You suddenly lose the ability to move!
Pikel hits you with a +2 whip of electrocution!
You die...

##.#.#..8#5≈## ######
#.#.#####'## #...# #..#
##..# #g## #..# #.# #..#
#5# ##.# #.# #>#
#.########.# #####.#
#...)K@....# #.....#
##.######### #.##..#
#..######## ##.##..#
##..........
...##..####.#...##...#..
#####.....#..#..##..#...
# #.###.#...#....#... #
##.......†..#..#... #
#......#.##..##..# .#


You could see Pikel.

Vanquished Creatures
  3 lemures (D:4)
  Terence (D:3)
  An iguana (D:4)
  An orc wizard (D:4)
  An adder (D:2)
  An adder skeleton (D:4)
  A worm (D:3)
  2 dart slugs
  6 orcs
  11 endoplasms
  5 giant cockroaches
  6 goblins
  5 hobgoblins
  9 ball pythons
  5 bats
  4 frilled lizards
  7 kobolds
  A rat (D:3)
70 creatures vanquished.

Notes
Turn   | Place    | Note
-------+----------+-------------------------------------------
     0 | D:1      | Peloso the Minotaur Fighter began the quest for the Orb.
     0 | D:1      | Reached XP level 1. HP: 19/19 MP: 0/0
    42 | D:1      | Found Kaga Kiha's Distillery.
    52 | D:1      | Reached XP level 2. HP: 15/27 MP: 1/1
   292 | D:1      | Reached skill level 4 in Fighting
   348 | D:1      | Found Ikkogiell's Magic Scroll Shoppe.
   357 | D:1      | Found Viuquemoff's Book Emporium.
   631 | D:1      | Reached XP level 3. HP: 33/33 MP: 2/2
  1033 | D:2      | Found a faded altar of an unknown god.
  1485 | D:3      | Found an opulent altar of Gozag.
  1714 | D:3      | Noticed Terence
  1723 | D:3      | Killed Terence
  1724 | D:3      | Reached XP level 4. HP: 35/41 MP: 3/3
  1878 | D:3      | Found a snail-covered altar of Cheibriados.
  2115 | D:3      | Found a basalt altar of Yredelemnul.
  2227 | D:3      | Found a radiant altar of Vehumet.
  2230 | D:3      | Found an iron altar of Okawaru.
  2508 | D:4      | Reached XP level 5. HP: 42/47 MP: 4/4
  2562 | D:4      | Found Jyexky's Lightly-Used Armoury.
  2570 | D:4      | Reached skill level 5 in Fighting
  2689 | D:4      | Found Voyluuxt's Magic Scroll Shop.
  2694 | D:4      | Bought a scroll of identify for 24 gold pieces
  2694 | D:4      | Bought a scroll of magic mapping for 42 gold pieces
  2694 | D:4      | Bought a scroll of teleportation for 36 gold pieces
  2706 | D:4      | Noticed a lemure
  2706 | D:4      | Noticed a lemure
  2708 | D:4      | Noticed a lemure
  2709 | D:4      | Noticed Pikel
  2710 | D:4      | Noticed a lemure
  2753 | D:4      | Killed a lemure
  2756 | D:4      | Killed a lemure
  2769 | D:4      | Killed a lemure
  2863 | D:4      | Paralysed by Pikel for 6 turns
  2864 | D:4      | Slain by Pikel

Illustrated notes

Levels and vault maps discovered:
D:1:      minmay_arrival_glassed_features, layout_rooms, serial_shops, shop,
          shop, nicolae_shop_waterfront, minmay_cut_off
D:2:      layout_rooms, chequers_ecumenical_altar_twisty
D:3:      layout_loops_ring, mainiacjoe_overflow_small_starburst,
          nicolae_overflow_hidden_temple, mainiacjoe_overflow_brackets,
          uniq_terence
D:4:      layout_basic, mainiacjoe_overflow_alcove_4, serial_shops,
          nicolae_shop_hallway_plus, minmay_shop_damaged, minivault_26,
          st_stairs_14, grunt_ministairs_1, uniq_pikel

Skill      XL: |  1  2  3  4  5 |
---------------+----------------+-----
Fighting       | 4 5 |  5.0
Armour         | 4 |  4.8
Shields        | 4 |  4.4
Long Blades    | 3 |  3.8
Dodging        | |  0.5

Action                   |  1- 3 |  4- 6 || total
-------------------------+-------+-------++-------
Melee: Long sword        |    93 |       ||    93
       Headbutt          |    16 |    11 ||    27
       Falchion          |       |    84 ||    84
Armor: Scale mail        |    60 |    14 ||    74
       Chain mail        |       |    26 ||    26
Dodge: Dodged            |    41 |    26 ||    67
Block: Buckler           |     9 |       ||     9
       Kite shield       |     9 |    42 ||    51

Table legend: (Time is in decaauts)
 A = Elapsed time spent in this place.
 B = Non-inter-level travel time spent in this place.
 C = Inter-level travel time spent in this place.
 D = Time resting spent in this place.
 E = Time spent auto-exploring this place.
 F = Levels seen in this place.
 G = Mean time per level.
                   A        B        C        D        E       F      G
               +--------+--------+--------+--------+--------+-----+--------+
         Total |   2921 |   2838 |     83 |    321 |   1732 |   4 |  730.2 |
       Dungeon |   2921 |   2838 |     83 |    321 |   1732 |   4 |  730.2 |
               +--------+--------+--------+--------+--------+-----+--------+

Top non-repeatable levels by time:
     D:3: 1024 daAuts
     D:1: 809 daAuts
     D:2: 693 daAuts
     D:4: 394 daAuts
